 Dungeon Crawl Stone Soup version 0.23.2-40-g277498a (webtiles) character file.

Game seed: 15532921414943315367

49 Fang the Skirmisher (level 3, -1/24 HPs)
             Began as a Gargoyle Berserker on Sept 4, 2019.
             Was a Follower of Trog.
             Slain by a gnoll
             ... wielding a +0 flail
              (11 damage)
             ... on level 2 of the Dungeon.
             The game lasted 00:01:40 (627 turns).

Fang the Skirmisher (Gargoyle Berserker)             Turns: 627, Time: 00:01:41

Health: -1/24      AC:  5    Str: 21    XL:     3   Next: 75%
Magic:  3/3        EV: 12    Int:  7    God:    Trog [*.....]
Gold:   63         SH:  0    Dex:  9    Spells: 2/2 levels left

rFire    . . .     SeeInvis .   a - +0 hand axe
rCold    . . .     Gourm    .   (no shield)
rNeg     + . .     Faith    .   b - +0 animal skin
rPois    ∞         Spirit   .   (no helmet)
rElec    +         Reflect  .   (no cloak)
rCorr    .         Harm     .   (no gloves)
MR       .....                  (no boots)
Stlth    +.........             (no amulet)
HPRegen  0.08/turn              (no ring)
MPRegen  0.08/turn              (no ring)

@: berserk cooldown, slowed, very slow
A: negative energy resistance 1, electricity resistance, unbreathing,
petrification resistance, rot immunity, AC +3
a: Berserk, Renounce Religion


You were on level 2 of the Dungeon.
You worshipped Trog.
Trog was aware of your devotion.
You were not hungry.

You visited 1 branch of the dungeon, and saw 2 of its levels.

You collected 63 gold pieces.

Inventory:

Hand Weapons
 a - a +0 hand axe (weapon)
Armour
 b - a +0 animal skin (worn)
Jewellery
 g - an uncursed amulet of harm {unknown}
Scrolls
 d - 2 scrolls of identify {unknown}
Potions
 e - a potion of lignification {unknown}
 h - a potion of flight {unknown}
Comestibles
 c - 2 rations
 f - 6 chunks of flesh


   Skills:
 + Level 3.8 Fighting
 + Level 3.1 Axes
 + Level 2.9 Armour
 + Level 2.1 Dodging


You had 2 spell levels left.
You didn't know any spells.
Your spell library was empty.

Dungeon Overview and Level Annotations

Branches:
Dungeon (2/15)

Altars:


Innate Abilities, Weirdness & Mutations

You are resistant to torment.
Your stone body is resilient. (AC +3)
You are immune to poison.
You resist negative energy. (rN+)
You are resistant to electric shocks. (rElec)
You can survive without breathing.
You are immune to petrification.
You are immune to rotting.


Message History

The gnoll hits you with a +2 spear of piercing.
You are too injured to fight recklessly!
You slash the gnoll!
You kill the gnoll!
Trog accepts your kill.
You slash the gnoll! The gnoll misses you.
You are too injured to fight recklessly!
You see here a +2 spear of piercing.
You are too injured to fight recklessly!
You are too injured to fight recklessly!
You closely miss the gnoll. You hit the kobold.
You kill the kobold!
Trog accepts your kill.
You completely miss the gnoll. You hit the hobgoblin.
You are no longer berserk.
You are exhausted.
You feel yourself slow down.
A leopard gecko comes into view.
A jackal comes into view.
The gnoll hits you with a +0 flail!
You die...

l.................
.....#..........!.
.........# ..=...
.........# #...#
..(......###...#
......... #....####..##
#..#..)g###...........#
#....g@.)....÷#### ..##
.....##g.##.......###...
h.. ....................
# #..######.[...#.......
#. #>..)......... #
###...###..... ##..#
#[.... #..# #..... #..#
####.#


You could see 2 gnolls, a leopard gecko (wandering), a jackal (wandering) and a
hobgoblin.

Vanquished Creatures
  2 gnolls (D:2)
  An ooze (D:1)
  2 dart slugs (D:1)
  A leopard gecko (D:1)
  A bat (D:1)
  3 goblins
  2 hobgoblins (D:1)
  A frilled lizard (D:1)
  4 kobolds
  5 rats (D:1)
22 creatures vanquished.

Notes
Turn   | Place    | Note
-------+----------+-------------------------------------------
     0 | D:1      | Fang the Gargoyle Berserker began the quest for the Orb.
     0 | D:1      | Reached XP level 1. HP: 14/14 MP: 1/1
    62 | D:1      | Reached XP level 2. HP: 13/19 MP: 2/2
   405 | D:1      | Reached XP level 3. HP: 21/23 MP: 3/3
   627 | D:2      | Slain by a gnoll

Skill      XL: |  1  2  3 |
---------------+----------+-----
Axes           | 3 |  3.1
Dodging        | 2 |  2.1
Fighting       | |  3.8
Armour         | |  2.9

Action                   || total
-------------------------++-------
Melee: Hand axe          ||    61
Invok: Berserk           ||     1
 Stab: Sleeping          ||     1
Armor: Animal skin       ||    15
Dodge: Dodged            ||    37
